 Dungeon Crawl Stone Soup version 0.28.0 (webtiles) character file.

Game seed: 8161530638842421482

39 bumpfn the Cutter (level 3, 0/23 HPs)
             Began as a Deep Elf Chaos Knight on Feb 18, 2022.
             Was a Plaything of Xom.
             Slain by a sky beast (6 damage)
             ... on level 3 of the Dungeon.
             The game lasted 00:03:37 (927 turns).

bumpfn the Cutter (Deep Elf Chaos Knight)            Turns: 927, Time: 00:03:37

Health: 0/23       AC:  6    Str:  9    XL:     3   Next: 26%
Magic:  5/5        EV: 12    Int: 18    God:    Xom [.....*]
Gold:   43         SH:  0    Dex: 14    Spells: 2/2 levels left

rFire   + . .      SeeInvis .   a - +0 short sword (chaos)
rCold   . . .      Faith    .   (no shield)
rNeg    . . .      Spirit   .   b - +2 leather armour
rPois   .          Reflect  .   c - +1 hat
rElec   .          Harm     .   (no cloak)
rCorr   .          Rampage  .   (no gloves)
Will    .....                   (no boots)
Stlth   +.........              (no amulet)
HPRegen 0.07/turn               (no ring)
MPRegen 0.09/turn               (no ring)

@: no status effects
A: fire resistance 1, wild magic 1, MP-powered wands
a: Renounce Religion


You were on level 3 of the Dungeon.
You worshipped Xom.
You were Xom's teddy bear.
You visited 1 branch of the dungeon, and saw 3 of its levels.

You collected 43 gold pieces.

Inventory:

Hand Weapons
 a - a +0 short sword of chaos (weapon)
Armour
 b - a +2 leather armour (worn)
 c - a +1 hat (worn)
Wands
 f - a wand of flame (20)
Scrolls
 d - 3 scrolls of identify {unknown}


   Skills:
 + Level 3.0 Fighting
 + Level 3.5 Short Blades
 + Level 0.8 Armour
 + Level 3.0 Dodging


You had 2 spell levels left.
You didn't know any spells.
Your spell library was empty.

Dungeon Overview and Level Annotations

Branches:
Dungeon (3/15)

Altars:


Innate Abilities, Weirdness & Mutations

Your flesh is heat resistant. (rF+)
Your spells are a little harder to cast, but a little more powerful.
You expend magic power (3 MP) to strengthen your wands.


Message History

Moving in this stuff is going to be slow.
Found 3 scrolls labelled AQOTAU VUOME.
There is a faded altar of an unknown god here.
You enter the shallow water.
Moving in this stuff is going to be slow.
d - 3 scrolls labelled AQOTAU VUOME You enter the shallow water.
Moving in this stuff is going to be slow.
There is a faded altar of an unknown god here.
You enter the shallow water.
Moving in this stuff is going to be slow.
f - a wand of flame (20)
You enter the shallow water.
Moving in this stuff is going to be slow.
You open the door.
Found a stone staircase leading down.
There is an open door here.
There is a stone staircase leading down here.
You climb downwards.
Found a gnarled smoking staff.
There is a stone staircase leading up here.
You now have 43 gold pieces (gained 10).
A sky beast comes into view.
You hit the sky beast.
The sky beast is lightly wounded.
The sky beast flickers out of sight!
Deactivating autopickup; reactivate with Ctrl-A.
Something hits you. Something shocks you.
You hit something.
Xom thinks this is hilarious!
Nothing appears to happen.
You miss something. Something hits you but does no damage.
You closely miss something. Something hits you but does no damage.
You hit something. You freeze something. Something hits you.
Something shocks you.
* * * LOW HITPOINT WARNING * * *
Okay, then.
It was a potion of cancellation.
You feel magically purged. Something hits you.
You die... "What!?
That's it?"

#### #... #.##
############.##
####..............
#....##########.##
#.#### #... #@#
#... #{# ##.# #.#
#.# #.# #.# ..#
#.# ### #.. #.. #
#


There were no monsters in sight!

Vanquished Creatures
  An adder (D:2)
  6 ball pythons
  2 endoplasms (D:1)
  2 giant cockroaches
  A goblin (D:1)
  A hobgoblin (D:1)
  5 kobolds
  2 quokkas
  3 bats
  A frilled lizard (D:1)
  3 rats
27 creatures vanquished.

Vanquished Creatures (collateral kills)
  A bat (D:1)
  A rat (D:1)
2 creatures vanquished.

Grand Total: 29 creatures vanquished

Notes
Turn   | Place    | Note
-------+----------+-------------------------------------------
     0 | D:1      | bumpfn the Deep Elf Chaos Knight began the quest for the
                  | Orb.
     0 | D:1      | Reached XP level 1. HP: 13/13 MP: 3/3
   138 | D:1      | Reached XP level 2. HP: 18/18 MP: 4/4
   260 | D:1      | XOM: divination: detect items
   520 | D:1      | XOM: silly message
   660 | D:2      | Reached XP level 3. HP: 21/22 MP: 5/5
   702 | D:2      | XOM: chaos upgrade
   710 | D:2      | Gained mutation: You expend magic power (3 MP) to
                  | strengthen your wands. [potion of mutation]
   710 | D:2      | Gained mutation: Your flesh is heat resistant. (rF+)
                  | [potion of mutation]
   710 | D:2      | Gained mutation: Your spells are a little harder to cast,
                  | but a little more powerful. [potion of mutation]
   823 | D:2      | Found a faded altar of an unknown god.
   823 | D:2      | XOM: 2-stop teleportation journey
   918 | D:3      | Noticed a sky beast
   927 | D:3      | Slain by a sky beast

Illustrated notes

Levels and vault maps discovered:
D:1:      minmay_arrival_radiant_lines, layout_basic, palyth_stone_intersect,
          hex_large, hangedman_abyss_or_decor_stabs,
          chequers_serial_rivers_micro_c
D:2:      layout_rooms, shapermc_ecumenical_altar_notcrosses
D:3:      layout_loops_cross, mainiacjoe_overflow_brackets, old_standard_altar,
          mainiacjoe_overflow_divided_tiny, minivault_23, minivault_23

Skill      XL: |  1  2  3 |
---------------+----------+-----
Fighting       | 3 |  3.0
Dodging        | 3 |  3.0
Short Blades   | |  3.5
Armour         | |  0.8

Action                   || total
-------------------------++-------
Melee: Short sword       ||    83
       Punch             ||     2
  Use: Potion            ||     3
 Stab: Distracted        ||     1
       Confused          ||     1
Armor: Leather armour    ||    40
Dodge: Dodged            ||    71
